 Dungeon Crawl Stone Soup version 0.17.1-2-g5865329 (webtiles) character file.

37 Lanilor the Caller (level 3, -1/19 HPs)
             Began as a Tengu Summoner on Jan 22, 2016.
             Killed from afar by Natasha (9 damage)
             ... with a magic dart
             ... on level 2 of the Dungeon.
             The game lasted 00:12:42 (2738 turns).

Lanilor the Caller (Tengu Summoner)                 Turns: 2738, Time: 00:12:43

Health: -1/19      AC:  2    Str:  8    XL:     3   Next: 41%
Magic:  10/16      EV: 13    Int: 16    God:
Gold:   72         SH:  0    Dex: 14    Spells: 1 memorised, 5 levels left

rFire  . . .     SeeInvis .     g - +0 dagger
rCold  . . .     Clarity  .     a - +0 robe
rNeg   . . .     SustAt   .     (no shield)
rPois  .         Gourm    .     (helmet restricted)
rElec  .         Spirit   .     (no cloak)
rCorr  .         Warding  .     (no gloves)
rMut   .         Stasis   +     (boots unavailable)
MR     .....                    e - amulet of stasis
Stlth  ++........               (no ring)
                                f - ring of magical power

@: not resistant to hostile enchantments, unstealthy
A: beak, talons 3
a: no special abilities


You were on level 2 of the Dungeon.
You were not hungry.

You visited 1 branch of the dungeon, and saw 2 of its levels.

You collected 72 gold pieces.

Inventory:

Hand Weapons
 g - a +0 dagger (weapon)
Armour
 a - a +0 robe (worn)
Jewellery
 e - an amulet of stasis (around neck)
 f - a ring of magical power (left hand)
Scrolls
 c - a scroll of noise {unknown}
 d - a scroll of identify {unknown}
 h - a scroll of remove curse {unknown}
 i - a scroll of enchant weapon {mamka tvyoa, unknown}
 k - 2 scrolls of amnesia {unknown}
 l - a scroll of recharging {unknown}
 n - a scroll of teleportation {unknown}
Potions
 j - a potion of might {unknown}
Books
 b - a book of Callings

   Spells                             Type                      Level
   a - Summon Small Mammal            Summoning                    1
   b - Call Imp                       Summoning                    2
   c - Call Canine Familiar           Summoning                    3
   d - Summon Guardian Golem          Hexes/Summoning              3
   e - Summon Lightning Spire         Summoning/Air                4
   f - Summon Ice Beast               Ice/Summoning                4
Comestibles
 m - a slice of pizza


   Skills:
 + Level 2.7 Dodging
 + Level 2.0 Stealth
 * Level 2.3 Spellcasting
 * Level 5.5 Summonings


You had 5 spell levels left.
You knew the following spells:

 Your Spells              Type           Power        Failure   Level  Hunger
a - Summon Small Mammal   Summ           ###.         1%          1    #......


Dungeon Overview and Level Annotations

Branches:
Dungeon (2/15)

Altars:

Annotations:
D:2 Natasha


Innate Abilities, Weirdness & Mutations

You have a beak for a mouth.
You have claws for feet.


Message History

Confirm with . or Enter, or press ? or * to list all spells.
Natasha misses you.
Your quokka closely misses Natasha.
Your rat barely misses Natasha.
The white imp misses you.
Casting: Summon Small Mammal
Confirm with . or Enter, or press ? or * to list all spells.
Your quokka misses Natasha. Natasha closely misses you.
Your quokka completely misses Natasha.
The white imp misses you.
Your rat barely misses Natasha.
Casting: Summon Small Mammal
Confirm with . or Enter, or press ? or * to list all spells.
Your quokka disappears in a puff of smoke!
Your quokka closely misses Natasha.
Natasha barely misses you.
Your rat bites Natasha but does no damage.
The white imp hits you. The white imp freezes you.
Casting: Summon Small Mammal
Confirm with . or Enter, or press ? or * to list all spells.
Your rat disappears in a puff of smoke!
Natasha stares at you and mumbles some strange words.
The magic dart hits you!
You die...

#..#.. #... #..#..
#.. # #..... ####?.
#.#....# ....#
#.##...# ...#
#....... ####..#
#####.#.#.#
#..5hr#####.........#
#@.r..##.#####...#
+r.r..##.###.....#
#.....##.........#
#.....##..........
#........###......
....######.# #.###>.
.....# #.###'####.
.....# #......# #.
..... #......# #.


You could see Natasha, a white imp, a friendly quokka and 3 friendly rats.

Vanquished Creatures
  A giant gecko (D:2)
  3 bats (D:1)
  4 hobgoblins (D:1)
  5 jackals (D:1)
  3 kobolds (D:1)
  A giant newt (D:1)
  2 goblins (D:1)
19 creatures vanquished.

Vanquished Creatures (collateral kills)
  An ooze (D:1)
  4 bats (D:1)
  2 hobgoblins (D:1)
  6 jackals (D:1)
  3 kobolds (D:1)
  A ball python (D:1)
  A rat (D:1)
18 creatures vanquished.

Grand Total: 37 creatures vanquished

Notes
Turn   | Place    | Note
--------------------------------------------------------------
     0 | D:1      | Lanilor the Tengu Summoner began the quest for the Orb.
     0 | D:1      | Reached XP level 1. HP: 10/10 MP: 4/4
   484 | D:1      | Reached skill level 5 in Summonings
   636 | D:1      | Reached XP level 2. HP: 12/15 MP: 6/6
  1590 | D:1      | Reached XP level 3. HP: 13/19 MP: 7/7
  2730 | D:2      | Noticed Natasha
  2738 | D:2      | Killed from afar by Natasha

Action                   || total
-------------------------++-------
Melee: Unarmed           ||    14
       Dagger            ||    96
 Cast: Summon Small Mamm ||    47
 Stab: Distracted        ||     1
  Eat: Chunk             ||     4
       Bread ration      ||     1
       Beef jerky        ||     1
